 Dungeon Crawl Stone Soup version 0.27-a0-836-gfc908b8576 (webtiles) character file.

Game seed: 16511199450054421291

4 n0claF the Skirmisher (level 1, -2/19 HPs)
             Began as a Ghoul Fighter on Apr 1, 2021.
             Slain by a kobold
             ... wielding a +0 short sword of electrocution
              (18 damage)
             ... on level 1 of the Dungeon.
             The game lasted 00:00:19 (73 turns).

n0claF the Skirmisher (Ghoul Fighter)                 Turns: 73, Time: 00:00:20

Health: -2/19      AC:  6    Str: 19    XL:     1   Next: 60%
Magic:  0/0        EV:  7    Int:  3    God:
Gold:   0          SH:  8    Dex:  8    Spells: 0/0 levels left

rFire    . . .     SeeInvis .   a - +0 war axe
rCold    + . .     Faith    .   c - +0 kite shield
rNeg     + + +     Spirit   .   b - +0 scale mail
rPois    ∞         Reflect  .   (no helmet)
rElec    .         Harm     .   (no cloak)
rCorr    .         Rampage  .   (no gloves)
Will     .....                  (no boots)
Stlth    ..........             (no amulet)
HPRegen  0.00/turn              (no ring)
MPRegen  0.07/turn              (no ring)

@: no status effects
A: claws 1, cold resistance 1, negative energy resistance 3, inhibited
regeneration, torment resistance 2, unbreathing 1
a: no special abilities


You were on level 1 of the Dungeon.
You visited 1 branch of the dungeon, and saw 1 of its levels.

Inventory:

Hand Weapons
 a - a +0 war axe (weapon)
Armour
 b - a +0 scale mail (worn)
 c - a +0 kite shield (worn)
Potions
 d - a potion of might


   Skills:
 + Level 3.3 Fighting
 + Level 1.9 Axes
 + Level 2.7 Armour
 + Level 2.7 Shields


You couldn't memorise any spells.
You didn't know any spells.
Your spell library was empty.

Dungeon Overview and Level Annotations

Branches:
Dungeon (1/15)

Altars:


Innate Abilities, Weirdness & Mutations

You thrive by killing the living.
You are immune to poison.
You have sharp fingernails.
Your flesh is cold resistant. (rC+)
You are immune to negative energy. (rN+++)
You do not regenerate when monsters are visible.
You are immune to unholy pain and torment.
You can survive without breathing.


Message History

You closely miss the rat. The rat bites you but does no damage.
The rat barely misses you.
You slash the rat!
You kill the rat!
No target in view!
A bat comes into view.
The bat hits you but does no damage.
You closely miss the bat. The bat hits you but does no damage. x2
The bat closely misses you.
You slash the bat!
You kill the bat!
No target in view!
A goblin comes into view. It is wielding a +0 dagger.
The goblin shouts!
A bat comes into view.
The goblin moves out of view.
The bat hits you but does no damage.
You miss the goblin. You block the bat's attack.
The goblin hits you with a +0 dagger. The bat hits you but does no damage.
You closely miss the bat. You closely miss the goblin.
The bat hits you but does no damage. You block the goblin's attack.
The goblin closely misses you. You block the bat's attack.
You hit the bat but do no damage. You closely miss the goblin.
The bat hits you but does no damage. The goblin hits you but does no damage.
The bat barely misses you. You block the bat's attack.
You block the goblin's attack.
You slash the bat!
You kill the bat!
You feel better.
You slash the goblin!
You kill the goblin!
No target in view!
No target in view!
Things that are here:
a +0 dagger; a goblin corpse A kobold comes into view.
It is wielding a +0 short sword of electrocution.
The kobold shouts!
You hear a shout!
You hear a bark!
A goblin comes into view. It is wielding a +0 dagger.
Found a scroll labelled RYHU EWOLIDY.
A quokka comes into view.
You block the kobold's attack.
Your shield and scale mail prevent you from hitting the kobold.
The kobold closely misses you.
The kobold hits you with a +0 short sword of electrocution.
You completely miss the kobold. You block the kobold's attack. x2
You closely miss the kobold. You block the kobold's attack.
You barely miss the kobold.
The kobold hits you with a +0 short sword of electrocution.
You are electrocuted!!
Ouch! That really hurt!
You die...

..###...# #.##.#
.#.......#
##...#. .....#..#
#..... # #......#
..... #.##......#
#... ..........#
#g. #....†.# #K#
#....).# #@#
###.##.###.####.#
#.##..........#
#≈#
#.########.##.#
#≈# #.# .# #≈#
#.# # ##+##≈# #.#
.#.#≈≈# #.#
.#.#≈≈# #.#


You could see a goblin and a kobold.

Vanquished Creatures
  2 bats (D:1)
  A goblin (D:1)
  A rat (D:1)
4 creatures vanquished.

Notes
Turn   | Place    | Note
-------+----------+-------------------------------------------
     0 | D:1      | n0claF the Ghoul Fighter began the quest for the Orb.
     0 | D:1      | Reached XP level 1. HP: 19/19 MP: 0/0
    73 | D:1      | Slain by a kobold

Illustrated notes

Levels and vault maps discovered:
D:1:      heliophobic_arrival_glass_houses, layout_loops_ring

Action                   || total
-------------------------++-------
Melee: War axe           ||    13
Armor: Scale mail        ||    10
Dodge: Dodged            ||     5
Block: Kite shield       ||     9

Table legend: (Time is in decaauts)
 A = Elapsed time spent in this place.
 B = Non-inter-level travel time spent in this place.
 C = Inter-level travel time spent in this place.
 D = Time resting spent in this place.
 E = Time spent auto-exploring this place.
 F = Levels seen in this place.
 G = Mean time per level.
                   A        B        C        D        E       F      G
               +--------+--------+--------+--------+--------+-----+--------+
         Total |     80 |     80 |      0 |      0 |     51 |   1 |   80.0 |
       Dungeon |     80 |     80 |      0 |      0 |     51 |   1 |   80.0 |
               +--------+--------+--------+--------+--------+-----+--------+

Top non-repeatable levels by time:
     D:1: 80 daAuts
